 Dungeon Crawl Stone Soup version 0.21.1-1-g345015fe64 (webtiles) character file.

113 Kohma the Poker (level 4, -1/34 HPs)
             Began as a Merfolk Skald on July 6, 2018.
             Slain by an iguana (5 damage)
             ... on level 2 of the Dungeon.
             The game lasted 00:06:10 (1990 turns).

Kohma the Poker (Merfolk Skald)                     Turns: 1990, Time: 00:06:11

Health: -1/34      AC:  8    Str: 11    XL:     4   Next: 96%
Magic:  6/7        EV: 11    Int: 13    God:
Gold:   51         SH:  0    Dex: 13    Spells: 1/7 levels left

rFire    . . .     SeeInvis .   a - +0 spear
rCold    . . .     Gourm    .   (no shield)
rNeg     . . .     Faith    .   g - +0 ring mail
rPois    .         Spirit   .   m - +1 hat
rElec    .         Reflect  .   n - +1 cloak
rCorr    .         Harm     .   (no gloves)
MR       .....                  (no boots)
Stlth    +.........             (no amulet)
HPRegen  0.11/turn              (no ring)
MPRegen  0.10/turn              (no ring)

@: infused
A: change form in water, swift swim, stealthy swim
a: no special abilities


You were on level 2 of the Dungeon.
You were hungry.

You visited 1 branch of the dungeon, and saw 2 of its levels.

You collected 51 gold pieces.

Inventory:

Hand Weapons
 a - a +0 spear (weapon)
Missiles
 f - 30 sling bullets
Armour
 g - a +0 ring mail (worn)
 k - a +0 scale mail
 m - a +1 hat (worn)
 n - a +1 cloak (worn)
Jewellery
 j - a +2 ring of strength {unknown}
 l - an uncursed amulet of regeneration {unknown}
 p - a cursed ring of teleportation {unknown}
Scrolls
 b - 4 scrolls of identify {unknown}
 e - a scroll of amnesia {unknown}
 i - a scroll of remove curse {unknown}
 o - a scroll of enchant weapon {unknown}
 q - 2 scrolls of teleportation {unknown}
 s - a scroll of blinking {unknown}
Potions
 h - 4 potions of curing {unknown}
 r - 2 potions of degeneration {unknown}
Books
 c - a book of Battle

   Spells                             Type                      Level
   a - Infusion                       Charms                       1
   b - Shroud of Golubria             Charms/Translocation         2
   c - Song of Slaying                Charms                       2
   d - Spectral Weapon                Hexes/Charms                 3
   e - Regeneration                   Charms/Necromancy            3
Comestibles
 d - 2 rations


   Skills:
 + Level 2.8 Fighting
 * Level 4.9 Polearms
 - Level 0.6 Armour
 + Level 3.6 Dodging
 - Level 2.0 Spellcasting
 * Level 4.3 Charms


You had one spell level left.
You knew the following spells:

 Your Spells              Type           Power        Failure   Level  Hunger
a - Infusion              Chrm           ##..         11%         1    ##.....
b - Song of Slaying       Chrm           ##......     16%         2    ###....
c - Spectral Weapon       Hex/Chrm       #.......     58%         3    ####...


Dungeon Overview and Level Annotations

Branches:
Dungeon (2/15)

Altars:


Message History

The iguana bites you!
You barely miss the iguana.
The iguana is heavily wounded.
The iguana bites you.
You hit the iguana.
The iguana is severely wounded.
The iguana bites you.
* * * LOW HITPOINT WARNING * * *
You barely miss the iguana.
The iguana is severely wounded.
The iguana misses you.
You barely miss the iguana.
The iguana is severely wounded.
The iguana bites you.
* * * LOW HITPOINT WARNING * * *
Casting: Infusion
Confirm with . or Enter, or press ? or * to list all spells.
You begin infusing your attacks with magical energy.
The iguana bites you.
You die...

#.##### #.# #.# #...#....... #.#
#.#####.####........... #.#
######.............#........
#.####............#####.##.......
..............##..#####)##...>...
######.####......................
#.# ##.#.#.).####.#........ #.#
##...[...####.##....... #.#
#.....@....#...##..##..
#.####..#.#l.##.#....)..##.#
#............##.#.......#..#
######..#.##...........>....
##...#.#######.......###.
#......# #.......# #. #....#.#
#.......# #.
#.#..#.##########....# #>
#.##.#............##.# #.


You could see an iguana.

Vanquished Creatures
  A centaur zombie (D:2)
  4 adders (D:2)
  3 worms (D:2)
  3 giant cockroaches
  6 goblins (D:2)
  4 hobgoblins
  7 frilled lizards
  8 kobolds
  5 rats
41 creatures vanquished.

Notes
Turn   | Place    | Note
-------+----------+-------------------------------------------
     0 | D:1      | Kohma the Merfolk Skald began the quest for the Orb.
     0 | D:1      | Reached XP level 1. HP: 16/16 MP: 3/3
   484 | D:1      | Reached XP level 2. HP: 20/22 MP: 5/5
   579 | D:1      | Learned a level 2 spell: Song of Slaying
   799 | D:2      | Reached XP level 3. HP: 28/28 MP: 0/6
  1235 | D:2      | Learned a level 3 spell: Spectral Weapon
  1320 | D:2      | Reached XP level 4. HP: 34/34 MP: 2/7
  1990 | D:2      | Slain by an iguana

Skill      XL: |  1  2  3 |
---------------+----------+-----
Dodging        | 3 |  3.6
Polearms       | 4 |  4.9
Charms         | 4 |  4.3
Fighting       | |  2.8
Armour         | |  0.6
Spellcasting   | |  2.0

Action                   |  1- 3 |  4- 6 || total
-------------------------+-------+-------++-------
Melee: Spear             |   109 |    56 ||   165
 Cast: Infusion          |     4 |     2 ||     6
       Song of Slaying   |     1 |       ||     1
  Eat: Chunk             |     1 |     2 ||     3
Armor: Ring mail         |    29 |    16 ||    45
Dodge: Dodged            |    49 |    18 ||    67
